 Dungeon Sprint DCSS version 0.29-a0-838-g385bb11a5b (webtiles) character file.

Game seed: 11195109256793061052

527 purpskrrrp the Protected (level 7, -25/67 HPs)
             Began as a Minotaur Fighter on July 13, 2022.
             Was a Follower of Okawaru.
             Annihilated by a two-headed ogre
             ... wielding a +0 giant club
              (27 damage)
             ... in the Dungeon (Sprint IX: "|||||||||||||||||||||||||||||").
             The game lasted 00:05:58 (426 turns).

purpskrrrp the Protected (Minotaur Fighter)          Turns: 426, Time: 00:05:58

Health: -25/67     AC: 11    Str: 22    XL:     7   Next: 2%
Magic:  6/6        EV: 10    Int: 11    God:    Okawaru [*.....]
Gold:   0          SH:  0    Dex: 10    Spells: 6/6 levels left

rFire   . . .      SeeInvis .   m - +2 dire flail (vorpal)
rCold   . . .      Faith    .   (shield currently unavailable)
rNeg    . . .      Spirit   .   p - +1 scale mail
rPois   .          Reflect  .   (helmet restricted)
rElec   .          Harm     .   o - +0 cloak
rCorr   .          Rampage  .   (no gloves)
Will    .....      NoTele   +   (no boots)
Stlth   ..........              (no amulet)
HPRegen 0.21/turn               q - +3 ring of intelligence
MPRegen 0.10/turn               r - +3 ring of intelligence

@: no status effects
A: horns 2, retaliatory headbutt
a: Renounce Religion, Heroism


You were in the Dungeon.
You worshipped Okawaru.
Okawaru was aware of your devotion.
You visited 1 branch

Inventory:

Hand Weapons
 a - a +0 flail
 m - a +2 vorpal dire flail (weapon)
 n - a +2 halberd of venom
Armour
 b - a +0 scale mail
 c - a +0 buckler
 o - a +0 cloak (worn)
 p - a +1 scale mail (worn)
Jewellery
 q - a +3 ring of intelligence (left hand)
 r - a +3 ring of intelligence (right hand)
Wands
 l - a wand of acid (6) (quivered)
Scrolls
 j - a scroll of blinking
 k - 2 scrolls of amnesia
Potions
 d - a potion of might
 e - 4 potions of curing
 f - a potion of heal wounds
 g - a potion of haste
 h - 4 potions of magic
 i - a potion of invisibility


   Skills:
 + Level 7.9 Fighting
 * Level 8.2 Maces & Flails
 * Level 11.3 Armour
 + Level 1.8 Dodging
 * Level 10.2 Shields
 + Level 0.7 Evocations


You had 6 spell levels left.
You didn't know any spells.
Your spell library was empty.

Dungeon Overview and Level Annotations

Branches:
Dungeon (1/1)

Altars:
Cheibriados
Dithmenos
Elyvilon
Fedhas
Gozag
Hepliaklqana
Kikubaaqudgha
Makhleb
Nemelex Xobeh
Okawaru
Qazlal
Ru
Sif Muna
Trog
Uskayaw
Vehumet
Wu Jian
Xom
Yredelemnul
Zin
The Shining One
Jiyva
Lugonu


Innate Abilities, Weirdness & Mutations

You have a pair of horns on your head.
You reflexively headbutt those who attack you in melee.


Message History

The bolt of acid hits the orc warrior!
The orc warrior seems to be corroded for longer.
You kill the orc warrior!
Okawaru is honoured by your kill.
The bolt of acid misses the wraith.
The two-headed ogre hits you with a +0 giant club.
* * * LOW HITPOINT WARNING * * *
The two-headed ogre hits you with a +0 giant club.
* * * LOW HITPOINT WARNING * * *
Your Maces & Flails skill increases to level 8!
Your Armour skill increases to level 11!
Your Shields skill increases to level 10!
You have reached level 7!
Okay, then.
Blink to where?
Press: ? - help, Dir - move target, p - wraith
As you read the scroll of blinking, it crumbles to dust.
There is an open door here.
There is a glowing golden altar of the Shining One here.
There is a glowing silver altar of Zin here.
There is a basalt altar of Yredelemnul here.
There is a shimmering altar of Xom here.
You start resting.
A two-headed ogre is nearby!
You feel better.
You feel much better.
You feel much better.
There is a basalt altar of Yredelemnul here.
You puncture the two-headed ogre!
The two-headed ogre is almost dead.
The two-headed ogre hits you with a +0 giant club!!
* * * LOW HITPOINT WARNING * * *
The two-headed ogre hits you with a +0 giant club!!
* * * LOW HITPOINT WARNING * * *
You hit the two-headed ogre.
The two-headed ogre is almost dead.
The two-headed ogre closely misses you. You furiously retaliate!
You headbutt the two-headed ogre!
The two-headed ogre hits you with a +0 giant club!!
You die... ▓▓▓▓▓▓▓▓▓▓▓▓▓▓▓▓▓▓▓▓▓▓▓▓▓▓▓▓▓▓▓▓▓ .WO§...[..)..'WO@________________ ▓▓▓▓▓▓▓▓▓▓▓▓▓▓▓▓▓▓▓▓▓▓▓▓▓▓▓▓▓▓▓▓▓

You could see a two-headed ogre (corroded) and a wraith (corroded).

Vanquished Creatures
  A shadow (D)
  2 orc warriors (D)
  An ogre (D)
  A howler monkey (D)
  A jelly (D)
  An orc wizard (D)
  An adder (D)
  A ball python (D)
  A bat (D)
  An endoplasm (D)
  2 hobgoblins (D)
  A quokka (D)
14 creatures vanquished.

Notes
Turn   | Place    | Note
-------+----------+-------------------------------------------
     0 | D        | purpskrrrp the Minotaur Fighter began the quest for the
                  | Orb.
     0 | D        | Reached XP level 1. HP: 19/19 MP: 0/0
     8 | D        | Reached skill level 4 in Armour
   106 | D        | Noticed a jelly
   106 | D        | Noticed an ogre
   106 | D        | Noticed an orc wizard
   125 | D        | Killed an orc wizard
   126 | D        | Reached skill level 5 in Fighting
   126 | D        | Reached skill level 5 in Armour
   126 | D        | Reached skill level 5 in Shields
   126 | D        | Reached XP level 2. HP: 10/29 MP: 1/1
   126 | D        | Reached XP level 3. HP: 12/36 MP: 2/2
   131 | D        | Killed an ogre
   132 | D        | Reached skill level 5 in Maces & Flails
   132 | D        | Reached skill level 7 in Armour
   132 | D        | Reached skill level 1 in Dodging
   132 | D        | Reached XP level 4. HP: 24/44 MP: 3/3
   134 | D        | Reached skill level 8 in Armour
   134 | D        | Reached XP level 5. HP: 28/50 MP: 4/4
   321 | D        | Found a snail-covered altar of Cheibriados.
   321 | D        | Found a shadowy altar of Dithmenos.
   321 | D        | Found a white marble altar of Elyvilon.
   321 | D        | Found a blossoming altar of Fedhas.
   321 | D        | Found an opulent altar of Gozag.
   322 | D        | Found a hazy altar of Hepliaklqana.
   323 | D        | Found a viscous altar of Jiyva.
   324 | D        | Found an ancient bone altar of Kikubaaqudgha.
   325 | D        | Found a corrupted altar of Lugonu.
   326 | D        | Found a burning altar of Makhleb.
   327 | D        | Found a sparkling altar of Nemelex Xobeh.
   328 | D        | Found an iron altar of Okawaru.
   329 | D        | Found a stormy altar of Qazlal.
   332 | D        | Found a sacrificial altar of Ru.
   333 | D        | Found a shimmering blue altar of Sif Muna.
   340 | D        | Found a bloodstained altar of Trog.
   341 | D        | Found a hide-covered altar of Uskayaw.
   342 | D        | Found a radiant altar of Vehumet.
   343 | D        | Found an ornate altar of the Wu Jian Council.
   344 | D        | Became a worshipper of Warmaster Okawaru
   345 | D        | Found a shimmering altar of Xom.
   346 | D        | Found a basalt altar of Yredelemnul.
   347 | D        | Found a glowing silver altar of Zin.
   348 | D        | Found a glowing golden altar of the Shining One.
   399 | D        | Noticed a wraith
   399 | D        | Noticed an orc warrior
   399 | D        | Noticed a two-headed ogre
   399 | D        | Noticed a shadow
   399 | D        | Noticed an orc warrior
   404 | D        | Killed an orc warrior
   405 | D        | Reached skill level 9 in Armour
   405 | D        | Reached XP level 6. HP: 30/60 MP: 5/5
   408 | D        | Killed a shadow
   408 | D        | Reached * piety under Okawaru
   409 | D        | Reached skill level 10 in Armour
   410 | D        | Killed an orc warrior
   410 | D        | HP: 2/61 [two-headed ogre/+0 giant club (5)]
   411 | D        | Reached skill level 11 in Armour
   411 | D        | Reached skill level 10 in Shields
   411 | D        | Reached XP level 7. HP: 2/67 MP: 6/6
   425 | D        | HP: 2/67 [two-headed ogre/+0 giant club (18)]
   426 | D        | Annihilated by a two-headed ogre

Illustrated notes

Levels and vault maps discovered:
D:        linesprint [early_d, line_temple, items_1, d_10, items_2, lair_1,
          lair_end, items_3, orc_1, orc_end, items_4, d_15, swamp_1, shoals_1,
          snake_1, spider_1, d_20, vaults_1, items_5, swamp_end, shoals_end,
          snake_end, spider_end, vaults_end, d_27, items_6, zot_1, zot_end,
          crypt_end, forest_end, elf_end, slime_end, tomb_end, abyss_end,
          pan_hell_end]

Skill      XL: |  1  2  3  4  5  6 |
---------------+-------------------+-----
Armour         | 5 7 8 9 11 | 11.3
Shields        | 5 7 8 10 | 10.2
Fighting       | 5 6 7 |  7.9
Maces & Flails | 3 5 6 8 |  8.2
Dodging        | 1 |  1.8
Evocations     | |  0.7

Action                   |  1- 3 |  4- 6 |  7- 9 || total
-------------------------+-------+-------+-------++-------
Melee: Flail             |    40 |     1 |       ||    41
       Headbutt          |     7 |       |       ||     7
       Dire flail        |       |     6 |     2 ||     8
Evoke: Wand              |       |     4 |       ||     4
  Use: Potion            |     1 |       |     3 ||     4
       Scroll            |       |       |     1 ||     1
Armor: Scale mail        |    23 |     3 |       ||    26
Dodge: Dodged            |     8 |     2 |     1 ||    11
Block: Buckler           |     3 |       |       ||     3

Table legend: (Time is in decaauts)
 A = Elapsed time spent in this place.
 B = Non-inter-level travel time spent in this place.
 C = Inter-level travel time spent in this place.
 D = Time resting spent in this place.
 E = Time spent auto-exploring this place.
 F = Levels seen in this place.
 G = Mean time per level.
                   A        B        C        D        E       F      G
               +--------+--------+--------+--------+--------+-----+--------+
         Total |    447 |    447 |      0 |    277 |      0 |   1 |  447.0 |
       Dungeon |    447 |    447 |      0 |    277 |      0 |   1 |  447.0 |
               +--------+--------+--------+--------+--------+-----+--------+

Top non-repeatable levels by time:
       D: 447 daAuts
